 Dungeon Crawl Stone Soup version 0.21.1-1-g345015f (webtiles) character file.

379 wojtek the Chopper (level 6, -1/52 HPs)
             Began as a Minotaur Fighter on June 29, 2018.
             Slain by Hebeh's ghost (13 damage)
             ... on level 4 of the Dungeon.
             The game lasted 00:03:30 (2631 turns).

wojtek the Chopper (Minotaur Fighter)               Turns: 2631, Time: 00:03:31

Health: -1/52      AC:  7    Str: 22    XL:     6   Next: 45%
Magic:  5/5        EV:  8    Int:  5    God:
Gold:   182        SH:  9    Dex: 10    Spells: 5/5 levels left

rFire    . . .     SeeInvis .   a - +0 war axe
rCold    . . .     Gourm    .   c - +0 shield
rNeg     . . .     Faith    .   b - +0 scale mail
rPois    .         Spirit   .   (helmet restricted)
rElec    .         Reflect  .   u - scarf {cloud immunity}
rCorr    .         Harm     .   (no gloves)
MR       +....                  (no boots)
Stlth    ..........             (no amulet)
HPRegen  0.17/turn              s - ring of protection from magic
MPRegen  0.09/turn              (no ring)

@: no status effects
A: retaliatory headbutt, horns 2
a: no special abilities


You were on level 4 of the Dungeon.
You were hungry.

You visited 1 branch of the dungeon, and saw 4 of its levels.

You collected 182 gold pieces.

Inventory:

Hand Weapons
 a - a +0 war axe (weapon)
 q - a +4 hand axe
Missiles
 r - a throwing net (quivered)
Armour
 b - a +0 scale mail (worn)
 c - a +0 shield (worn)
 e - a +0 plate armour
 u - a scarf of cloud immunity (worn)
Jewellery
 g - an uncursed amulet of guardian spirit {unknown}
 s - a ring of protection from magic (left hand)
Scrolls
 h - 3 scrolls of remove curse {unknown}
 i - a scroll of noise {unknown}
 j - 2 scrolls of immolation {unknown}
 k - a scroll of teleportation {unknown}
 l - a scroll of enchant weapon {unknown}
 n - 2 scrolls of blinking {unknown}
 p - 6 scrolls of identify {unknown}
 t - 2 scrolls of random uselessness {unknown}
 w - a scroll of amnesia {unknown}
Potions
 d - a potion of might
 m - 2 potions of heal wounds {unknown}
 o - 2 potions of curing {unknown}
Comestibles
 f - 2 rations


   Skills:
 + Level 4.1 Fighting
 + Level 7.3 Axes
 + Level 4.1 Armour
 + Level 1.5 Dodging
 + Level 4.1 Shields


You had 5 spell levels left.
You didn't know any spells.

Dungeon Overview and Level Annotations

Branches:
Dungeon (4/15)
 Temple: D:4-7

Altars:
Wu Jian

Shops:
D:4 %

Annotations:
D:4 Hebeh's ghost, amateur MiFi


Innate Abilities, Weirdness & Mutations

You reflexively headbutt those who attack you in melee.
You have a pair of horns on your head.


Message History

You block Hebeh's ghost's attack.
You slash Hebeh's ghost!
You headbutt Hebeh's ghost, but do no damage.
Hebeh's ghost is heavily damaged.
Hebeh's ghost hits you!
You hit Hebeh's ghost but do no damage.
Hebeh's ghost is heavily damaged.
Hebeh's ghost hits you!
* * * LOW HITPOINT WARNING * * *
You barely miss Hebeh's ghost.
Hebeh's ghost is heavily damaged.
You block Hebeh's ghost's attack. x2
You closely miss Hebeh's ghost.
Hebeh's ghost is heavily damaged.
Hebeh's ghost hits you but does no damage.
There is a fountain of clear blue water here.
There is a fountain of clear blue water here.
You see here a whip.
Hebeh's ghost hits you!
You die...

#. #.#.# #.#.# #####.#.#
#.......# #.......#
#.......########.#
#.........@W...#.#
#......[######.#.# #.......#
#.#.#
###########.########.#.######
...............>...#.#.#.....
# ##.....##.######.#.#.......
# #......##..............###
###........#######...........
.............[.# #......#####


You could see Hebeh's ghost.

Vanquished Creatures
  An ogre (D:4)
  The ghost of RottenKnight the Conjurer, an amateur DrCj (D:3)
  Natasha (thrice) (D:2)
  3 gnolls (D:2)
  3 adders (D:2)
  An ooze (D:1)
  An adder skeleton (D:4)
  2 worms
  A dart slug (D:3)
  3 leopard geckos
  13 bats
  5 giant cockroaches
  9 goblins
  6 hobgoblins
  A jackal (D:1)
  3 quokkas
  2 ball pythons
  6 frilled lizards
  4 kobolds
  8 rats
76 creatures vanquished.

Notes
Turn   | Place    | Note
-------+----------+-------------------------------------------
     0 | D:1      | wojtek the Minotaur Fighter began the quest for the Orb.
     0 | D:1      | Reached XP level 1. HP: 19/19 MP: 0/0
    49 | D:1      | Reached skill level 3 in Axes
    78 | D:1      | Reached XP level 2. HP: 26/26 MP: 1/1
   262 | D:1      | Reached skill level 4 in Axes
   328 | D:1      | Reached XP level 3. HP: 27/31 MP: 2/2
   925 | D:2      | Reached skill level 5 in Axes
   927 | D:2      | Reached XP level 4. HP: 39/39 MP: 3/3
  1092 | D:2      | Noticed Natasha
  1096 | D:2      | Killed Natasha
  1096 | D:2      | Reached skill level 6 in Axes
  1199 | D:2      | Noticed Natasha
  1215 | D:2      | Killed Natasha
  1215 | D:2      | Reached XP level 5. HP: 9/45 MP: 4/4
  1234 | D:2      | Noticed Natasha
  1457 | D:2      | Killed Natasha
  1480 | D:2      | Reached skill level 7 in Axes
  1599 | D:3      | Found an ornate altar of the Wu Jian Council.
  1599 | D:3      | Noticed RottenKnight's ghost (amateur DrCj)
  1615 | D:3      | Killed RottenKnight's ghost
  1615 | D:3      | Reached skill level 1 in Dodging
  1615 | D:3      | Reached XP level 6. HP: 9/52 MP: 5/5
  2574 | D:4      | Found Gell's Food Shoppe.
  2591 | D:4      | Noticed Hebeh's ghost (amateur MiFi)
  2631 | D:4      | Slain by Hebeh's ghost

Skill      XL: |  1  2  3  4  5  6 |
---------------+-------------------+-----
Axes           | 3 4 5 6 7 |  7.3
Dodging        | 1 |  1.5
Fighting       | 4 |  4.1
Armour         | 4 |  4.1
Shields        | 4 |  4.1

Action                   |  1- 3 |  4- 6 || total
-------------------------+-------+-------++-------
Melee: War axe           |    90 |   132 ||   222
       Headbutt          |     9 |    13 ||    22
  Eat: Chunk             |       |     5 ||     5
Armor: Scale mail        |    58 |    41 ||    99
Dodge: Dodged            |    35 |    36 ||    71
Block: Shield            |    53 |    59 ||   112
